 Dungeon Sprint DCSS version 0.29.1-2-gbd0b4ee654 (webtiles) character file.

Game seed: 6214110692674313357

16808 boopmooplesden the Pulveriser (level 12, -17/130 HPs)
             Began as a Minotaur Gladiator on Nov 27, 2022.
             Was the Champion of Trog.
             Demolished by an orc knight
             ... wielding a +0 great mace
              (40 damage)
             ... in the Dungeon (Sprint IX: "|||||||||||||||||||||||||||||").
             The game lasted 00:05:23 (2042 turns).

boopmooplesden the Pulveriser (Minotaur Gladiator)  Turns: 2042, Time: 00:05:23

Health: -17/130    AC: 23    Str: 25    XL:     12   Next: 13%
Magic:  11/11      EV: 17    Int:  5    God:    Trog [******]
Gold:   1368       SH:  0    Dex: 14    Spells: 11/11 levels left

rFire   . . .      SeeInvis .   b - +1 quarterstaff (vorpal)
rCold   . . .      Faith    .   (shield currently unavailable)
rNeg    . . .      Spirit   .   p - +3 scale mail
rPois   .          Reflect  .   c - +2 hat
rElec   .          Harm     .   o - +1 cloak
rCorr   .          Rampage  .   w - +0 pair of gloves
Will    ++...      NoTele   +   u - +0 pair of boots
Stlth   +.........              (no amulet)
HPRegen 1.31/turn               q - +2 ring of protection
MPRegen 0.12/turn               r - +3 ring of dexterity

@: strong-willed, spiked, on berserk cooldown, regenerating, slowed, very slow
A: horns 2, retaliatory headbutt
a: Renounce Religion, Berserk, Trog's Hand, Brothers in Arms


You were in the Dungeon.
You worshipped Trog.
Trog was exalted by your worship.
You visited 1 branch You collected 1368 gold pieces.

Inventory:

Hand Weapons
 a - a +0 quarterstaff
 b - a +1 vorpal quarterstaff (weapon)
 n - a +0 lajatang
 t - a +1 antimagic quarterstaff
 x - a +2 quarterstaff of flaming
Missiles
 d - 3 throwing nets (quivered)
 e - a javelin
Armour
 c - a +2 hat (worn)
 o - a +1 cloak (worn)
 p - a +3 scale mail (worn)
 u - a +0 pair of boots (worn)
 w - a +0 pair of gloves (worn)
Jewellery
 q - a +2 ring of protection (left hand)
 r - a +3 ring of dexterity (right hand)
Wands
 m - a wand of roots (10)
Scrolls
 s - 2 scrolls of fear
 v - 2 scrolls of identify
Potions
 f - 7 potions of curing
 g - a potion of invisibility
 h - 4 potions of haste
 i - 4 potions of magic
 j - 2 potions of berserk rage
 l - 4 potions of heal wounds


   Skills:
 + Level 19.3 Fighting
 + Level 22.3 Staves
 + Level 5.5 Throwing
 + Level 15.1 Armour
 + Level 14.4 Dodging
 + Level 2.3 Stealth


You had 11 spell levels left.
You didn't know any spells.
Your spell library was empty.

Dungeon Overview and Level Annotations

Branches:
Dungeon (1/1)

Altars:
Cheibriados
Dithmenos
Elyvilon
Fedhas
Gozag
Hepliaklqana
Kikubaaqudgha
Makhleb
Nemelex Xobeh
Okawaru
Qazlal
Ru
Sif Muna
Trog
Uskayaw
Vehumet
Wu Jian
Xom
Yredelemnul
Zin
The Shining One
Jiyva
Lugonu

Shops:
D [(:=


Innate Abilities, Weirdness & Mutations

You have a pair of horns on your head.
You reflexively headbutt those who attack you in melee.


Message History

Press: ? - help, Dir - move target An orc high priest and an orc knight come into view.
As you read the scroll of blinking, it crumbles to dust.
The orc knight shouts!
The orc high priest shouts!
The orc knight shouts!
The red devil hits you from afar with a +0 trident.
Barbed spikes become lodged in your body.
The orc high priest hits you but does no damage.
The red devil closely misses you.
You sock the orc high priest!
The orc high priest is lightly wounded.
The orc high priest prays to Beogh.
The orc high priest hits you with a +0 battleaxe.
You sock the orc high priest!
The orc high priest is heavily wounded.
The orc knight no longer looks unusually strong.
The red devil closely misses you.
The orc high priest mumbles some strange prayers to Beogh.
The orc high priest barely misses you. You furiously retaliate!
You headbutt the orc high priest. You thump the orc high priest!
The orc high priest is severely wounded.
The red devil hits you from afar with a +0 trident!
Barbed spikes become lodged in your body.
The orc knight hits you with a +0 great mace!!!
* * * LOW HITPOINT WARNING * * *
The orc high priest completely misses you.
You sock the orc high priest!
The orc high priest is almost dead.
The orc high priest no longer looks unusually strong.
The red devil barely misses you.
The orange demon stings you but does no damage.
The orc knight closely misses you.
The orc high priest hits you with a +0 battleaxe!
* * * LOW HITPOINT WARNING * * *
You hit the orc high priest but do no damage.
You headbutt the orc high priest, but do no damage.
The orc high priest is almost dead.
The red devil misses you. The orange demon closely misses you.
The orc knight hits you with a +0 great mace!!!
You die...

▓_▓.▓.▓.▓)▓
▓'▓.▓'▓.▓)▓
▓.▓.▓.▓.▓)▓
▓?▓.▓.▓.▓)▓
▓)▓.▓.▓.▓)▓
▓.▓.▓.▓.▓o▓
▓[▓.▓.▓.▓4▓
▓.▓.▓.▓.▓o▓
▓.▓.▓.▓.▓@▓
▓.▓.▓.▓.▓o▓
▓.▓.▓.▓.▓4▓
▓÷▓.▓.▓.▓4▓
▓)▓.▓.▓.▓4▓
▓.▓.▓.▓.▓o▓
▓.▓.▓'▓.▓o▓
▓.▓.▓.▓.▓4▓
▓.▓.▓.▓.▓


You could see 3 orc knights, 2 orc high priests, an orange demon (summoned), 2
hellwings, a rust devil (summoned) and a red devil (summoned).

Vanquished Creatures
  A boulder beetle (D)
  3 hydras (D)
  2 centaur warriors (D)
  5 orc high priests (D)
  2 death yaks (D)
  2 orc knights (D)
  An orc sorcerer (D)
  2 cyclopes (D)
  An elephant (D)
  2 black mambas (D)
  A blink frog (D)
  A dream sheep (D)
  2 wyverns (D)
  9 yaks (D)
  A basilisk (D)
  2 water moccasins (D)
  8 orc warriors (D)
  2 wolves (D)
  A centaur (D)
  A phantom (D)
  3 bullfrogs (D)
  A scorpion (D)
  A howler monkey (D)
  2 orc priests (D)
  An orc wizard (D)
  2 gnolls (D)
  11 orcs (D)
  A hobgoblin (D)
  A jackal (D)
  2 kobolds (D)
  A quokka (D)
75 creatures vanquished.

Vanquished Creatures (collateral kills)
  A boulder beetle (D)
  A death yak (D)
  An orc high priest (D)
  2 orc knights (D)
5 creatures vanquished.

Vanquished Creatures (others)
  An orc wizard (D)
1 creature vanquished.

Grand Total: 81 creatures vanquished

Notes
Turn   | Place    | Note
-------+----------+-------------------------------------------
     0 | D        | boopmooplesden the Minotaur Gladiator began the quest for
                  | the Orb.
     0 | D        | Reached XP level 1. HP: 18/18 MP: 0/0
     7 | D        | Reached skill level 4 in Staves
   261 | D        | Noticed a phantom
   261 | D        | Noticed a scorpion
   263 | D        | Reached XP level 2. HP: 25/25 MP: 1/1
   264 | D        | Reached skill level 5 in Staves
   272 | D        | Reached skill level 5 in Dodging
   272 | D        | Reached XP level 3. HP: 22/31 MP: 2/2
   278 | D        | Killed a phantom
   279 | D        | Reached skill level 7 in Staves
   279 | D        | Reached XP level 4. HP: 41/41 MP: 3/3
   283 | D        | Killed a scorpion
   284 | D        | Reached skill level 5 in Fighting
   284 | D        | Reached skill level 8 in Staves
   284 | D        | Reached XP level 5. HP: 36/48 MP: 4/4
   289 | D        | Found a snail-covered altar of Cheibriados.
   289 | D        | Found a shadowy altar of Dithmenos.
   289 | D        | Found a white marble altar of Elyvilon.
   289 | D        | Found a blossoming altar of Fedhas.
   289 | D        | Found an opulent altar of Gozag.
   290 | D        | Found a hazy altar of Hepliaklqana.
   291 | D        | Found a viscous altar of Jiyva.
   292 | D        | Found an ancient bone altar of Kikubaaqudgha.
   293 | D        | Found a corrupted altar of Lugonu.
   294 | D        | Found a burning altar of Makhleb.
   295 | D        | Found a sparkling altar of Nemelex Xobeh.
   296 | D        | Found an iron altar of Okawaru.
   297 | D        | Found a stormy altar of Qazlal.
   298 | D        | Found a sacrificial altar of Ru.
   299 | D        | Found a shimmering blue altar of Sif Muna.
   300 | D        | Found a bloodstained altar of Trog.
   301 | D        | Found a hide-covered altar of Uskayaw.
   302 | D        | Found a radiant altar of Vehumet.
   303 | D        | Found an ornate altar of the Wu Jian Council.
   304 | D        | Found a shimmering altar of Xom.
   305 | D        | Found a basalt altar of Yredelemnul.
   306 | D        | Found a glowing silver altar of Zin.
   307 | D        | Found a glowing golden altar of the Shining One.
   314 | D        | Became a worshipper of Trog the Wrathful
   363 | D        | Noticed a wyvern
   363 | D        | Noticed a yak
   363 | D        | Noticed a centaur
   363 | D        | Noticed a yak
   363 | D        | Noticed a yak
   367 | D        | Killed a wyvern
   368 | D        | Reached skill level 10 in Staves
   368 | D        | Reached XP level 6. HP: 51/57 MP: 5/5
   369 | D        | Killed a yak
   370 | D        | Reached skill level 11 in Staves
   373 | D        | Reached * piety under Trog
   378 | D        | Reached skill level 12 in Staves
   378 | D        | Reached skill level 5 in Armour
   378 | D        | Reached XP level 7. HP: 57/66 MP: 6/6
   381 | D        | Killed a yak
   386 | D        | Killed a yak
   386 | D        | Reached ** piety under Trog
   387 | D        | Reached skill level 13 in Staves
   387 | D        | Reached skill level 5 in Throwing
   387 | D        | Reached skill level 10 in Dodging
   660 | D        | Noticed a boulder beetle
   660 | D        | Noticed a centaur warrior
   660 | D        | Noticed a cyclops
   660 | D        | Noticed a centaur warrior
   660 | D        | Noticed a cyclops
   660 | D        | Noticed a seven-headed hydra
   666 | D        | Killed a boulder beetle
   667 | D        | Reached skill level 14 in Staves
   667 | D        | Reached XP level 8. HP: 59/79 MP: 7/7
   670 | D        | Killed a centaur warrior
   671 | D        | Reached skill level 10 in Fighting
   671 | D        | Reached skill level 15 in Staves
   671 | D        | Reached XP level 9. HP: 64/86 MP: 8/8
   673 | D        | Killed a cyclops
   674 | D        | Reached skill level 16 in Staves
   678 | D        | Killed a centaur warrior
   678 | D        | Reached *** piety under Trog
   679 | D        | Reached skill level 17 in Staves
   680 | D        | Killed a cyclops
   685 | D        | Killed a seven-headed hydra
   686 | D        | Reached skill level 18 in Staves
   686 | D        | Reached skill level 10 in Armour
   686 | D        | Reached XP level 10. HP: 36/100 MP: 9/9
  1122 | D        | Noticed a black mamba
  1122 | D        | Noticed a six-headed hydra
  1130 | D        | Killed a seven-headed hydra
  1135 | D        | Killed a black mamba
  1135 | D        | Reached **** piety under Trog
  1135 | D        | Noticed a black mamba
  1164 | D        | Killed a black mamba
  1165 | D        | Reached skill level 19 in Staves
  1169 | D        | Reached ***** piety under Trog
  1322 | D        | Noticed an elephant
  1322 | D        | Noticed a six-headed hydra
  1331 | D        | Killed an elephant
  1336 | D        | Killed a six-headed hydra
  1337 | D        | Reached skill level 1 in Stealth
  1344 | D        | Reached skill level 15 in Fighting
  1351 | D        | Reached ****** piety under Trog
  1352 | D        | Reached skill level 20 in Staves
  1353 | D        | Noticed a boulder beetle
  1364 | D        | Noticed a death yak
  1365 | D        | Noticed a death yak
  1369 | D        | Killed a boulder beetle
  1370 | D        | Reached XP level 11. HP: 89/113 MP: 10/10
  1371 | D        | Killed a death yak
  1375 | D        | Noticed a death yak
  1397 | D        | Killed a death yak
  1407 | D        | Killed a death yak
  1407 | D        | Received a gift from Trog
  1675 | D        | Reached skill level 21 in Staves
  1688 | D        | Received a gift from Trog
  1760 | D        | Noticed an orc knight
  1760 | D        | Noticed an orc high priest
  1760 | D        | Noticed an orc sorcerer
  1766 | D        | Killed an orc knight
  1778 | D        | Killed an orc high priest
  1781 | D        | Killed an orc sorcerer
  1797 | D        | Received a gift from Trog
  1978 | D        | Found Jetojet's Antique Armour Emporium.
  1978 | D        | Noticed an orc high priest
  1978 | D        | Noticed an orc knight
  1978 | D        | Noticed an orc high priest
  1978 | D        | Noticed an orc high priest
  1978 | D        | Noticed an orc high priest
  1981 | D        | Killed an orc high priest
  1981 | D        | Received a gift from Trog
  1988 | D        | Noticed a sixfirhy
  1997 | D        | Killed an orc knight
  2001 | D        | Noticed an orc high priest
  2004 | D        | Killed an orc high priest
  2005 | D        | Found Vovimn's Antique Weapon Shoppe.
  2008 | D        | Noticed a sixfirhy
  2011 | D        | Killed an orc high priest
  2012 | D        | Reached skill level 22 in Staves
  2012 | D        | Noticed an orc knight
  2015 | D        | Killed an orc high priest
  2016 | D        | Reached XP level 12. HP: 126/129 MP: 11/11
  2016 | D        | Found Ibaaxuz's Book Emporium.
  2019 | D        | Killed an orc high priest
  2020 | D        | Reached skill level 15 in Armour
  2022 | D        | Found Radeirgh's Jewellery Shoppe.
  2027 | D        | Noticed an orc high priest
  2037 | D        | Noticed an orc high priest
  2042 | D        | Demolished by an orc knight

Illustrated notes

Levels and vault maps discovered:
D:        linesprint [early_d, line_temple, items_1, d_10, items_2, lair_1,
          lair_end, items_3, orc_1, orc_end, items_4, d_15, swamp_1, shoals_1,
          snake_1, spider_1, d_20, vaults_1, items_5, swamp_end, shoals_end,
          snake_end, spider_end, vaults_end, d_27, items_6, zot_1, zot_end,
          crypt_end, forest_end, elf_end, slime_end, tomb_end, abyss_end,
          pan_hell_end]

Skill      XL: |  1  2  3  4  5  6  7  8  9 10 11 12 |
---------------+-------------------------------------+-----
Staves         | 4 5 7 8 10 12 14 15 18 20 22 | 22.3
Dodging        | 4 5 6 7 8 9 10 11 12 13 14 | 14.4
Fighting       | 3 4 5 6 7 9 10 12 15 18 19 | 19.3
Throwing       | 3 4 5 |  5.5
Armour         | 2 4 5 7 8 10 12 14 15 | 15.1
Stealth        | 1 2 |  2.3

Action                   |  1- 3 |  4- 6 |  7- 9 | 10-12 || total
-------------------------+-------+-------+-------+-------++-------
Melee: Quarterstaff      |    24 |     5 |     4 |   197 ||   230
       Headbutt          |     2 |     3 |     8 |    59 ||    72
       Lajatang          |       |    13 |    26 |    31 ||    70
Invok: Berserk           |       |       |     1 |     4 ||     5
       Trog's Hand       |       |       |       |     3 ||     3
       Brothers in Arms  |       |       |       |     3 ||     3
  Use: Potion            |     1 |       |       |     2 ||     3
       Scroll            |       |       |       |     8 ||     8
Armor: Leather armour    |     2 |       |       |       ||     2
       Scale mail        |       |     4 |     7 |    55 ||    66
Dodge: Dodged            |    11 |    10 |    10 |   101 ||   132
